Map: [G8] Gresvan

Players

ShoWTimE

  • Race: Protoss Protoss
  • Spawn Location: 5:00

herO - Winner!

  • Race: Protoss Protoss
  • Spawn Location: 11:00

Event: Gamers8 2023

VOD

Have the link to the VOD?

Description

Time

  • Played on: Aug. 4, 2023, 10:45 a.m.
  • Length: 16:03

All games in this series

Show
View Real Time Build Order
Export as new Build Order

ShoWTimE Protoss 

Build Orders: Oracle Opening 

Get SALT Encoding   

  12  0:00  Probe  
  13  0:12  Probe  
  14  0:17  Pylon  
  14  0:24  Probe (Chrono Boost)  
  15  0:36  Gateway, Probe (Chrono Boost)  
  16  0:44  Probe (Chrono Boost)  
  16  0:46  Assimilator  
  17  0:51  Probe  
  17  0:54  Assimilator  
  18  1:03  Probe (Chrono Boost)  
  19  1:07  Gateway  
  19  1:13  Probe (Chrono Boost)  
  19  1:18  Probe (Chrono Boost)  
  20  1:24  Cybernetics Core  
  21  1:29  Probe  
  22  1:36  Pylon  
  22  1:41  Probe  
  23  1:54  Probe  
  24  2:01  Stargate  
  24  2:03  Warp Gate  
  26  2:10  Stalker  
  28  2:19  Stalker  
  28  2:40  Nexus  
  28  2:47  Oracle (Chrono Boost)  
  31  2:57  Pylon  
  31  3:14  Oracle (Chrono Boost)  
  31  3:15  Probe, Shield Battery  
  35  3:27  Pylon, Probe  
  35  3:34  Robotics Facility  
  36  3:40  Shield Battery  
  36  3:44  Pylon  
  36  3:51  Sentry  
  36  3:55  Pylon  
  38  3:59  Pylon  
  36  4:04  Adept  
  36  4:05  Probe  
  35  4:22  Stalker  
  33  4:26  Stalker  
  36  4:37  Pylon  
  36  4:39  Immortal (Chrono Boost)  
  39  4:46  Pylon  
  37  4:56  Pylon  
  32  5:01  Probe  
  33  5:13  Probe  
  34  5:16  Adept  
  37  5:28  Pylon, Probe  
  37  5:39  Pylon  
  37  5:42  Probe  
  38  5:53  Pylon  
  38  5:54  Probe  
  39  5:59  Sentry  
  41  6:06  Probe  
  42  6:18  Probe  
  43  6:33  Sentry  
  43  6:35  Stalker  
  43  6:36  Probe  
  45  6:48  Immortal (Chrono Boost), Probe  
  48  7:00  Probe  
  49  7:12  Probe  
  50  7:16  Pylon  
  48  7:24  Probe  
  48  7:25  Nexus  
  49  7:30  Pylon  
  47  7:46  Probe  
  48  8:00  Probe  
  48  8:04  Sentry x2  
  53  8:11  Warp Prism (Chrono Boost)  
  53  8:12  Probe  
  56  8:22  Shield Battery  
  56  8:27  Shield Battery  
  56  8:29  Probe  
  57  8:44  Stalker x2  
  57  8:45  Probe  
  58  8:59  Twilight Council  
  57  9:06  Probe x2  
  57  9:08  Phoenix  
  57  9:18  Probe (Chrono Boost)  
  57  9:20  Probe (Chrono Boost)  
  59  9:29  Probe (Chrono Boost)  
  59  9:30  Probe (Chrono Boost)  
  58  9:33  Blink (Chrono Boost)  
  58  9:34  Probe (Chrono Boost)  
  58  9:35  Probe (Chrono Boost)  
  60  9:44  Probe  
  59  9:46  Probe  
  59  9:48  Stalker  
  62  9:56  Probe  
  62  9:58  Probe  
  64  10:04  Stalker  
  64  10:08  Probe  
  64  10:10  Probe  
  66  10:15  Shield Battery, Stalker  
  66  10:20  Probe  
  69  10:27  Immortal  
  73  10:32  Stalker  
  73  10:34  Probe  
  76  10:36  Probe  
  75  10:46  Probe  
  75  10:48  Probe  
  77  10:52  Gateway  
  77  10:58  Probe  
  77  10:59  Pylon  
  78  11:07  Pylon  
  78  11:09  Gateway  
  78  11:16  Assimilator  
  78  11:17  Observer  
  79  11:20  Nexus  
  79  11:23  Probe  
  79  11:24  Probe  
  81  11:33  Stalker x2  
  81  11:36  Probe x2  
  83  11:48  Probe  
  83  11:52  Probe  
  85  11:56  Shield Battery  
  85  12:00  Probe, Stalker x2  
  90  12:06  Probe  
  91  12:13  Probe  
  92  12:18  Probe  
  92  12:20  Forge  
  93  12:25  Probe  
  93  12:27  Pylon  
  93  12:29  Pylon  
  94  12:35  Stalker x2  
  94  12:36  Probe x2  
  100  12:38  Charge (Chrono Boost), Stalker  
  100  12:43  Observer  
  103  12:48  Probe x2  
  103  12:50  Protoss Ground Weapons Level 1 (Chrono Boost), Assimilator, Probe  
  106  13:07  Stalker x4  
  114  13:20  Gateway  
  114  13:21  Pylon, Gateway  
  114  13:28  Nexus  
  114  13:30  Probe x3  
  117  13:40  Stalker x3  
  123  13:44  Probe x3  
  126  13:49  Pylon  
  126  13:52  Pylon  
  126  13:56  Probe, Shield Battery  
  126  14:01  Stalker  
  129  14:06  Stalker x2  
  133  14:13  Probe  
  133  14:14  Probe x2  
  128  14:27  Stalker x4  
  133  14:32  Pylon  
  133  14:34  Pylon, Gateway x2  
  133  14:41  Stalker x2  
  133  14:44  Probe x3  
  133  14:45  Probe  
  131  14:56  Stalker x4  
  139  15:04  Gateway  
  139  15:06  Gateway  
  127  15:15  Stalker x2  
  127  15:18  Shield Battery  
  127  15:20  Stalker x3  
  137  15:21  Shield Battery  
  137  15:22  Shield Battery  
  137  15:23  Pylon  
  137  15:29  Shield Battery  
  137  15:30  Stalker x2  
  137  15:42  Stalker x2  
  121  15:47  Stalker x3  
  106  15:52  Stalker  
  106  15:55  Stalker x2  
Show
View Real Time Build Order
Export as new Build Order

herO Protoss - Winner!

Build Orders:  

Get SALT Encoding   

  12  0:00  Probe  
  13  0:12  Probe  
  14  0:17  Pylon  
  14  0:24  Probe (Chrono Boost)  
  15  0:36  Gateway, Probe (Chrono Boost)  
  16  0:43  Probe (Chrono Boost)  
  16  0:45  Assimilator  
  17  0:50  Probe  
  18  1:03  Probe (Chrono Boost)  
  19  1:04  Assimilator  
  19  1:09  Gateway  
  19  1:13  Probe (Chrono Boost)  
  19  1:18  Probe (Chrono Boost)  
  20  1:25  Cybernetics Core  
  21  1:29  Probe  
  22  1:33  Pylon  
  22  1:41  Probe  
  23  1:53  Probe  
  24  1:59  Warp Gate (Chrono Boost)  
  24  2:01  Stalker x2  
  28  2:10  Pylon  
  28  2:31  Stalker x2  
  28  2:32  Pylon  
  32  2:53  Gateway  
  32  3:01  Stalker x2  
  35  3:14  Shield Battery  
  35  3:25  Probe  
  36  3:37  Probe (Chrono Boost)  
  34  3:43  Adept x2  
  38  3:48  Sentry  
  38  3:49  Probe (Chrono Boost)  
  39  3:56  Probe (Chrono Boost)  
  38  4:03  Probe  
  38  4:08  Stalker x2  
  41  4:16  Probe  
  39  4:28  Probe (Chrono Boost)  
  36  4:32  Adept x3  
  42  4:40  Probe (Chrono Boost)  
  43  4:46  Probe (Chrono Boost)  
  42  4:54  Probe  
  41  5:01  Adept x3  
  39  5:15  Probe  
  39  5:16  Robotics Facility  
  40  5:27  Probe  
  35  5:36  Stalker  
  35  5:39  Probe  
  38  5:45  Stalker  
  40  5:52  Probe  
  41  5:58  Sentry  
  41  6:03  Warp Prism (Chrono Boost)  
  44  6:09  Sentry  
  44  6:11  Probe  
  45  6:23  Probe  
  46  6:29  Pylon  
  46  6:36  Robotics Bay  
  46  6:47  Probe  
  45  6:56  Adept x2  
  45  6:59  Probe  
  47  7:05  Pylon  
  47  7:21  Disruptor (Chrono Boost), Probe  
  50  7:31  Gravitic Drive  
  50  7:50  Nexus  
  50  7:53  Pylon  
  50  7:57  Probe  
  51  8:00  Observer  
  52  8:10  Probe  
  53  8:21  Immortal  
  53  8:24  Probe  
  58  8:37  Probe  
  59  8:54  Stalker x2  
  59  9:11  Immortal (Chrono Boost)  
  63  9:19  Sentry x2  
  63  9:20  Probe  
  63  9:23  Probe  
  69  9:35  Shield Battery, Probe x2  
  71  9:43  Stalker  
  71  9:44  Stalker  
  75  9:52  Probe x2  
  77  10:06  Probe  
  78  10:12  Pylon x2  
  78  10:13  Twilight Council  
  78  10:15  Assimilator  
  78  10:30  Phoenix, Disruptor  
  78  10:31  Phoenix  
  78  10:32  Gateway  
  81  10:39  Stalker x2  
  85  10:43  Probe x2  
  87  10:50  Blink (Chrono Boost)  
  87  10:53  Assimilator  
  87  11:01  Probe  
  88  11:06  Pylon  
  88  11:12  Observer  
  88  11:16  Nexus  
  89  11:25  Shield Battery  
  89  11:29  Forge  
  89  11:35  Stalker x2  
  89  11:36  Probe  
  89  11:39  Probe  
  95  11:51  Probe x2 (Chrono Boost)  
  97  11:55  Protoss Ground Weapons Level 1 (Chrono Boost)  
  97  11:57  Pylon, Gateway  
  97  12:03  Probe x2 (Chrono Boost)  
  99  12:09  Probe (Chrono Boost)  
  99  12:10  Probe (Chrono Boost)  
  99  12:14  Phoenix  
  101  12:18  Pylon  
  101  12:19  Colossus (Chrono Boost)  
  107  12:29  Probe  
  108  12:31  Extended Thermal Lance  
  108  12:33  Probe  
  108  12:34  Probe  
  110  12:43  Probe  
  111  12:45  Probe  
  111  12:46  Probe  
  111  12:50  Gateway  
  113  12:51  Gateway  
  113  12:56  Probe  
  113  12:57  Probe  
  116  12:58  Probe  
  116  13:02  Colossus (Chrono Boost)  
  116  13:08  Probe  
  116  13:10  Observer  
  116  13:11  Gateway  
  116  13:12  Robotics Facility  
  123  13:18  Assimilator  
  123  13:19  Assimilator  
  123  13:24  Templar Archives  
  126  13:29  Pylon  
  126  13:33  Stalker x3  
  127  13:44  Charge  
  127  13:50  Probe x3  
  135  13:57  Colossus (Chrono Boost)  
  141  14:03  Colossus (Chrono Boost)  
  136  14:22  Stalker x5  
  140  14:36  Pylon  
  140  14:42  Pylon  
  140  14:43  Pylon  
  140  14:46  Warp Prism (Chrono Boost)  
  133  14:57  High Templar x4  
  133  14:58  Zealot x3  
  147  15:00  Gateway x2  
  145  15:12  Archon x2  
  145  15:18  Stalker x3  
  145  15:19  Pylon  
  152  15:22  Observer (Chrono Boost)  
  152  15:24  Pylon  
  152  15:27  Pylon  
  144  15:37  Stalker x4  
  143  15:50  Zealot x3  
Tags
 
Add a new tag
Caveats
  • Supply blocks, unpowered buildings, or Contaminate may cause inaccurate times.
  • Supply counts are checked every 10 seconds.